 Dungeon Crawl Stone Soup version 0.18.1-48-g4cf74bf (webtiles) character file.

77 Inkary the Cudgeler (level 4, 0/60 HPs)
             Began as a Minotaur Berserker on Sept 4, 2016.
             Was a Believer of Trog.
             Slain by tyranidshit's ghost (4 damage)
             ... on level 3 of the Dungeon.
             The game lasted 00:02:51 (1437 turns).

Inkary the Cudgeler (Minotaur Berserker)            Turns: 1437, Time: 00:02:52

Health: 0/60       AC:  5    Str: 27    XL:     4   Next: 13%
Magic:  3/3        EV: 12    Int:  4    God:    Trog [**....]
Gold:   131        SH:  0    Dex: 10    Spells: 0 memorised, 3 levels left

rFire  . . .     SeeInvis .     a - +0 mace
rCold  . . .     Gourm    .     f - +0 ring mail
rNeg   . . .     Faith    .     (no shield)
rPois  .         Spirit   .     (helmet restricted)
rElec  .         Dismiss  .     (no cloak)
rCorr  .         Reflect  .     (no gloves)
SustAt .         Harm     .     (no boots)
MR     ++...                    (no amulet)
Stlth  ..........               (no ring)
                                (no ring)

@: berserking, regenerating, very quick, very resistant to hostile enchantments,
extremely unstealthy
A: retaliatory headbutt, horns 2
a: Berserk, Trog's Hand, Burn Spellbooks, Renounce Religion


You were on level 3 of the Dungeon.
You worshipped Trog.
Trog was pleased with you.
You were hungry.

You visited 1 branch of the dungeon, and saw 3 of its levels.

You collected 131 gold pieces.

Inventory:

Hand Weapons
 a - a +0 mace (weapon)
Armour
 f - a +0 ring mail (worn)
Scrolls
 b - a scroll of fog {unknown}
 d - 4 scrolls of identify {unknown}
 h - a scroll of teleportation {unknown}
 i - 2 scrolls of remove curse {unknown}
 k - 3 scrolls of amnesia {unknown}
 m - a scroll of recharging {unknown}
 n - a scroll of magic mapping {unknown}
 p - a scroll of blinking {unknown}
Potions
 e - a potion of beneficial mutation {unknown}
 g - a potion of cure mutation {unknown}
 j - 2 potions of heal wounds {unknown}
 l - a potion of curing {unknown}
 q - a potion of mutation {unknown}
 r - a potion of lignification {unknown}
Comestibles
 c - 2 bread rations
 o - 2 fruits


   Skills:
 + Level 4.1 Fighting
 + Level 4.5 Maces & Flails
 + Level 3.4 Armour
 + Level 3.1 Dodging


You had 3 spell levels left.
You didn't know any spells.

Dungeon Overview and Level Annotations

Branches:
Dungeon (3/15)

Altars:
Vehumet

Annotations:
D:3 tyranidshit's ghost, amateur DDNe


Innate Abilities, Weirdness & Mutations

You reflexively headbutt those who attack you in melee.
You have a pair of horns on your head.


Message History

* * * LOW HITPOINT WARNING * * *
You closely miss tyranidshit's ghost.
Tyranidshit's ghost is moderately damaged.
Tyranidshit's ghost gestures at you while chanting.
You resist with almost no effort.
Unknown command.
You barely miss tyranidshit's ghost.
Tyranidshit's ghost is moderately damaged.
The dart slug launches a dart at you. The slug dart misses you.
Tyranidshit's ghost hits you.
* * * LOW HITPOINT WARNING * * *
Unknown command.
You barely miss tyranidshit's ghost.
Your headbutt misses tyranidshit's ghost.
Tyranidshit's ghost is moderately damaged.
Unknown command.
You sock tyranidshit's ghost! You headbutt tyranidshit's ghost!
Tyranidshit's ghost is severely damaged.
Tyranidshit's ghost hits you.
You die...

# # # ♣♣ ♣♣# ♣♣♣♣.
♣♣.. ...w♣
♣♣♣♣♣♣♣.♣# ♣...
♣♣♣♣♣♣......♣♣#
♣.?.♣♣♣...♣.♣♣♣♣♣♣♣
# ♣.W@...♣♣.♣♣ #
♣♣♣♣♣♣♣♣♣♣♣ # #####
#.... ...... .#####
# # #


You could see tyranidshit's ghost and a dart slug.

Vanquished Creatures
  2 gnolls (D:1)
  2 adders (D:2)
  2 dart slugs (D:1)
  A giant gecko (D:2)
  8 bats
  A giant cockroach (D:2)
  4 goblins
  3 hobgoblins
  5 kobolds
  4 giant newts
  7 rats
39 creatures vanquished.

Notes
Turn   | Place    | Note
--------------------------------------------------------------
     0 | D:1      | Inkary the Minotaur Berserker began the quest for the Orb.
     0 | D:1      | Reached XP level 1. HP: 19/19 MP: 0/0
   147 | D:1      | Reached XP level 2. HP: 23/27 MP: 1/1
   369 | D:1      | Reached XP level 3. HP: 23/33 MP: 2/2
   793 | D:2      | Reached ** piety under Trog
  1140 | D:2      | Found a radiant altar of Vehumet.
  1151 | D:2      | Reached XP level 4. HP: 40/40 MP: 3/3
  1424 | D:3      | Noticed tyranidshit's ghost (amateur DDNe)
  1435 | D:3      | HP: 3/60 [tyranidshit's ghost (5)]
  1437 | D:3      | Slain by tyranidshit's ghost

Skill      XL: |  1  2  3 |
---------------+----------+-----
Maces & Flails | 4 |  4.5
Armour         | 3 |  3.4
Fighting       | 4 |  4.1
Dodging        | 3 |  3.1

Action                   |  1- 3 |  4- 6 || total
-------------------------+-------+-------++-------
Melee: Mace              |    48 |    17 ||    65
       Headbutt          |     6 |     3 ||     9
Invok: Berserk           |       |     1 ||     1
       Trog's Hand       |       |     1 ||     1
  Eat: Chunk             |     1 |       ||     1
Armor: Ring mail         |     9 |     3 ||    12
       Animal skin       |     2 |       ||     2
Dodge: Dodged            |    44 |     4 ||    48
